 Dungeon Crawl Stone Soup version 0.24.1-4-ge52af88ad5 (webtiles) character file.

Game seed: 4352124446957607001, levelgen mode: deterministic

159 TimRush the Chopper (level 5, 0/42 HPs)
             Began as a Human Berserker on Apr 12, 2020.
             Was a Priest of Trog.
             Slain by Grinder (5 damage)
             ... on level 3 of the Dungeon.
             The game lasted 00:09:30 (1908 turns).

TimRush the Chopper (Human Berserker)               Turns: 1908, Time: 00:09:30

Health: 0/42       AC:  5    Str: 19    XL:     5   Next: 68%
Magic:  5/5        EV: 11    Int:  7    God:    Trog [***...]
Gold:   123        SH:  3    Dex: 12    Spells: 4/4 levels left

rFire    . . .     SeeInvis .   a - +0 hand axe
rCold    . . .     Gourm    .   f - +0 buckler
rNeg     . . .     Faith    .   k - +0 ring mail {rPois}
rPois    +         Spirit   .   (no helmet)
rElec    .         Reflect  .   (no cloak)
rCorr    .         Harm     .   (no gloves)
MR       ++...                  (no boots)
Stlth    +.........             (no amulet)
HPRegen  1.14/turn              (no ring)
MPRegen  0.09/turn              (no ring)

@: regenerating
A: no striking features
a: Berserk, Trog's Hand, Renounce Religion


You were on level 3 of the Dungeon.
You worshipped Trog.
Trog was most pleased with you.
You were not hungry.

You visited 1 branch of the dungeon, and saw 3 of its levels.

You collected 123 gold pieces.

Inventory:

Hand Weapons
 a - a +0 hand axe (weapon)
Armour
 f - a +0 buckler (worn)
 k - a +0 ring mail of poison resistance (worn)
Scrolls
 b - 2 scrolls of teleportation {unknown}
 d - 2 scrolls of fog {unknown}
 e - a scroll of enchant armour {unknown}
 h - 4 scrolls of identify {unknown}
 l - a scroll of fear {unknown}
 m - a scroll of immolation {unknown}
 o - a scroll of remove curse {unknown}
 p - a scroll of noise {unknown}
Potions
 g - 3 potions of degeneration {unknown}
 i - a potion of haste {unknown}
 j - a potion of magic {unknown}
 n - 2 potions of heal wounds {unknown}
 q - a potion of berserk rage {unknown}
Comestibles
 c - 3 rations


   Skills:
 + Level 3.8 Fighting
 + Level 4.4 Axes
 + Level 3.0 Armour
 + Level 2.4 Dodging
 + Level 1.0 Shields


You had 4 spell levels left.
You didn't know any spells.
Your spell library was empty.

Dungeon Overview and Level Annotations

Branches:
Dungeon (3/15)

Altars:
Ru
Uskayaw

Annotations:
D:3 Grinder


Message History

Grinder says, "Mostly I couldn't keep them alive."
Grinder barely misses you.
Your ring mail prevents you from hitting Grinder.
You hit the leopard gecko but do no damage.
Grinder barely misses you. The leopard gecko barely misses you.
You hit Grinder but do no damage. You miss the leopard gecko. Grinder hits you.
* * * LOW HITPOINT WARNING * * *
The leopard gecko bites you.
* * * LOW HITPOINT WARNING * * *
Unknown command.
You hit Grinder.
Grinder is lightly wounded.
You closely miss the leopard gecko. Grinder hits you.
* * * LOW HITPOINT WARNING * * *
You writhe in agony.
* * * LOW HITPOINT WARNING * * *
The leopard gecko barely misses you. The leopard gecko closely misses you.
Grinder blinks!
Grinder hits you.
You die...

#.# ..# #.# #.# ##
#.# ....###.##
.......5.#######...
#@..........
#l#######.. #.# ##..
.# #†## #.. #.#
.#####.†# #.# #.# ..#
.........####.### #.#
...
#.######..)....(###.#
.># ###.##.#..##.##
..# #####.#
#.##.##.#...#


You could see Grinder and a leopard gecko.

Vanquished Creatures
  An orc priest (D:2)
  4 adders
  2 oozes
  2 worms (D:3)
  A dart slug (D:1)
  2 leopard geckos
  6 orcs
  6 bats
  A giant cockroach (D:3)
  8 goblins
  5 hobgoblins
  13 jackals
  A quokka (D:3)
  A ball python (D:2)
  2 frilled lizards (D:2)
  5 kobolds
  6 rats
66 creatures vanquished.

Notes
Turn   | Place    | Note
-------+----------+-------------------------------------------
     0 | D:1      | TimRush the Human Berserker began the quest for the Orb.
     0 | D:1      | Reached XP level 1. HP: 18/18 MP: 1/1
    72 | D:1      | Reached XP level 2. HP: 24/24 MP: 2/2
   541 | D:1      | Reached XP level 3. HP: 26/29 MP: 3/3
   628 | D:2      | Reached XP level 4. HP: 20/35 MP: 4/4
   663 | D:2      | Reached ** piety under Trog
   887 | D:2      | Reached skill level 4 in Axes
  1008 | D:2      | Found a hide-covered altar of Uskayaw.
  1224 | D:2      | Found a sacrificial altar of Ru.
  1288 | D:2      | Reached XP level 5. HP: 38/42 MP: 5/5
  1777 | D:3      | Reached skill level 1 in Shields
  1800 | D:3      | Reached *** piety under Trog
  1877 | D:3      | Noticed Grinder
  1890 | D:3      | Paralysed by Grinder for 3 turns
  1906 | D:3      | HP: 2/42 [Grinder (4)]
  1908 | D:3      | Slain by Grinder

Levels and vault maps discovered:
D:1:      minmay_arrival_open_corners, layout_loops_ring
D:2:      cheibrodos_pilgrimage, layout_basic, lemuel_crystal_altar,
          lemuel_round_altar
D:3:      layout_rooms, lemuel_round_altar, dk_vineyard_3, uniq_grinder

Skill      XL: |  1  2  3  4  5 |
---------------+----------------+-----
Axes           | 4 |  4.4
Armour         | 3 |  3.0
Shields        | 1 |  1.0
Fighting       | |  3.8
Dodging        | |  2.4

Action                   |  1- 3 |  4- 6 || total
-------------------------+-------+-------++-------
Melee: Hand axe          |    40 |   144 ||   184
Invok: Berserk           |     1 |     1 ||     2
       Trog's Hand       |       |     1 ||     1
  Eat: Chunk             |       |     2 ||     2
       Ration            |       |     1 ||     1
Armor: Chain mail        |    32 |     1 ||    33
       Ring mail         |       |   103 ||   103
Dodge: Dodged            |    28 |   132 ||   160
Block: Buckler           |     7 |    37 ||    44
